 Dungeon Crawl Stone Soup version 0.28-a0-476-g0f06bd746f (webtiles) character file.

Game seed: 4645781769984181344

3 robertstho the Chopper (level 1, 0/14 HPs)
             Began as a Tengu Berserker on Sept 16, 2021.
             Was a Follower of Trog.
             Slain by a bat (1 damage)
             ... on level 1 of the Dungeon.
             The game lasted 00:00:09 (62 turns).

robertstho the Chopper (Tengu Berserker)              Turns: 62, Time: 00:00:10

Health: 0/14       AC:  2    Str: 17    XL:     1   Next: 50%
Magic:  2/2        EV: 12    Int:  7    God:    Trog [*.....]
Gold:   0          SH:  0    Dex: 13    Spells: 0/0 levels left

rFire   . . .      SeeInvis .   a - +0 hand axe
rCold   . . .      Faith    .   (no shield)
rNeg    . . .      Spirit   .   b - +0 animal skin
rPois   .          Reflect  .   (helmet restricted)
rElec   .          Harm     .   (no cloak)
rCorr   .          Rampage  .   (no gloves)
Will    .....                   (boots unavailable)
Stlth   +.........              (no amulet)
HPRegen 0.04/turn               (no ring)
MPRegen 0.08/turn               (no ring)

@: on berserk cooldown, slowed, very slow
A: beak, talons 3
a: Renounce Religion, Berserk


You were on level 1 of the Dungeon.
You worshipped Trog.
Trog was aware of your devotion.
You visited 1 branch of the dungeon, and saw 1 of its levels.

Inventory:

Hand Weapons
 a - a +0 hand axe (weapon)
Armour
 b - a +0 animal skin (worn)
Scrolls
 c - 2 scrolls of amnesia {unknown}


   Skills:
 * Level 3.1 Fighting
 + Level 3.3 Axes
 * Level 2.3 Armour
 + Level 2.2 Dodging


You couldn't memorise any spells.
You didn't know any spells.
Your spell library was empty.

Dungeon Overview and Level Annotations

Branches:
Dungeon (1/15)

Altars:


Innate Abilities, Weirdness & Mutations

You have a beak for a mouth.
You have claws for feet.


Message History

A red film seems to cover your vision as you go berserk!
You feel yourself moving faster!
You feel mighty! The endoplasm hits you.
You slash the endoplasm!
You kill the endoplasm!
Trog accepts your kill.
A rat comes into view.
Things that are here:
a +0 club; a rat corpse; a goblin corpse A bat and a dart slug come into view.
Found a stone staircase leading down.
You feel a strong urge to attack something.
The bat moves out of view.
You see here a scroll labelled IJAIS QEHAGOLU.
You feel your anger nearly subside.
You see here a scroll labelled IJAIS QEHAGOLU.
c - 2 scrolls labelled IJAIS QEHAGOLU (gained 1)
You are no longer berserk.
You are exhausted.
You feel yourself slow down. The bat barely misses you.
The bat hits you but does no damage.
Things that are here:
a +0 club; a rat corpse; a goblin corpse The bat closely misses you.
The bat hits you.
* * * LOW HITPOINT WARNING * * *
The bat hits you but does no damage.
You hit the bat. Your kick misses the bat.
The bat is moderately wounded.
The bat barely misses you. The bat hits you.
* * * LOW HITPOINT WARNING * * *
The bat hits you but does no damage. x2
You closely miss the bat. Your kick misses the bat. The bat barely misses you.
The bat hits you.
* * * LOW HITPOINT WARNING * * *
The bat misses you.
You hit the bat. Your kick misses the bat.
The bat is severely wounded.
The bat hits you.
* * * LOW HITPOINT WARNING * * *
The bat hits you.
You die...

#.#######.#
# #.#
#.#######
#.......#
#######.#
#.# #.# #.#
#@# #b# #r#
##w## #...#
#.#.# #.
... #. .#.#
#. ...>.


You could see a dart slug, a bat and a rat.

Vanquished Creatures
  An endoplasm (D:1)
  A goblin (D:1)
  A rat (D:1)
3 creatures vanquished.

Notes
Turn   | Place    | Note
-------+----------+-------------------------------------------
     0 | D:1      | robertstho the Tengu Berserker began the quest for the Orb.
     0 | D:1      | Reached XP level 1. HP: 14/14 MP: 2/2
    62 | D:1      | Slain by a bat

Illustrated notes

Levels and vault maps discovered:
D:1:      ncdulo_smallfort, layout_basic, st_stairs_9, minmay_pentomino_x2

Action                   || total
-------------------------++-------
Melee: Hand axe          ||    11
       Peck              ||     2
Invok: Berserk           ||     1
Armor: Animal skin       ||     5
Dodge: Dodged            ||     7

Table legend: (Time is in decaauts)
 A = Elapsed time spent in this place.
 B = Non-inter-level travel time spent in this place.
 C = Inter-level travel time spent in this place.
 D = Time resting spent in this place.
 E = Time spent auto-exploring this place.
 F = Levels seen in this place.
 G = Mean time per level.
                   A        B        C        D        E       F      G
               +--------+--------+--------+--------+--------+-----+--------+
         Total |     64 |     64 |      0 |      0 |     37 |   1 |   64.0 |
       Dungeon |     64 |     64 |      0 |      0 |     37 |   1 |   64.0 |
               +--------+--------+--------+--------+--------+-----+--------+

Top non-repeatable levels by time:
     D:1: 64 daAuts
